 Dungeon Crawl Stone Soup version 0.22-a0-389-g8519d86 (webtiles) character file.

30 Kairos the Shield-Bearer (level 3, 11/20 HPs)
             Began as a Vine Stalker Fighter on Apr 30, 2018.
             Quit the game on level 2 of the Dungeon.
             The game lasted 00:01:51 (1454 turns).

Kairos the Shield-Bearer (Vine Stalker Fighter)     Turns: 1454, Time: 00:01:52

Health: 11/20      AC:  6    Str: 19    XL:     3   Next: 18%
Magic:  2/4        EV:  7    Int:  8    God:
Gold:   87         SH:  9    Dex: 13    Spells: 2/2 levels left

rFire    . . .     SeeInvis .   a - +0 war axe
rCold    . . .     Gourm    .   c - +0 shield
rNeg     . . .     Faith    .   b - +0 scale mail
rPois    .         Spirit   +   (no helmet)
rElec    .         Reflect  .   (no cloak)
rCorr    .         Harm     .   (no gloves)
MR       .....                  (no boots)
Stlth    +.........             (no amulet)
HPRegen  0.06/turn              g - ring of stealth
MPRegen  0.09/turn              (no ring)

@: no status effects
A: fangs 2, magic shield, antimagic bite, no potion heal 3, rot immunity
a: no special abilities


You were on level 2 of the Dungeon.
You were hungry.

You visited 1 branch of the dungeon, and saw 2 of its levels.

You collected 87 gold pieces.

Inventory:

Hand Weapons
 a - a +0 war axe (weapon)
Armour
 b - a +0 scale mail (worn)
 c - a +0 shield (worn)
Jewellery
 g - a ring of stealth (left hand)
 q - an uncursed ring of magical power {unknown}
Scrolls
 e - a scroll of identify {unknown}
 h - a scroll of enchant weapon {unknown}
 i - a scroll of random uselessness {unknown}
 k - 4 scrolls of remove curse {unknown}
 l - a scroll of immolation {unknown}
 n - 2 scrolls of teleportation {unknown}
 p - a scroll of amnesia {unknown}
Potions
 d - a potion of might
 j - 2 potions of degeneration {unknown}
 m - a potion of brilliance
 o - a potion of invisibility {unknown}
Comestibles
 f - 5 rations


   Skills:
 + Level 3.0 Fighting
 + Level 1.8 Axes
 + Level 2.8 Armour
 + Level 3.1 Shields


You had 2 spell levels left.
You didn't know any spells.

Dungeon Overview and Level Annotations

Branches:
Dungeon (2/15)

Altars:


Innate Abilities, Weirdness & Mutations

You have extremely sharp teeth.
When hurt, damage is shared between your health and your magic reserves.
Your bite disrupts and absorbs the magic of your enemies.
Potions cannot restore your health.
You are immune to rotting.


Message History

You miss the adder.
The adder is moderately wounded.
You block the adder's attack. The adder bites you but does no damage.
You barely miss the adder.
The adder is moderately wounded.
You block the adder's attack. The adder barely misses you.
You hit the adder. Your bite misses the adder.
The adder is heavily wounded.
You block the adder's attack. x2
You closely miss the adder. Your bite misses the adder.
The adder is heavily wounded.
You block the adder's attack. The adder bites you but does no damage.
You hit the adder.
You kill the adder!
Your Fighting skill increases to level 3!
You have reached level 3!
Your experience leads to an increase in your attributes!
Increase (S)trength, (I)ntelligence, or (D)exterity?
You feel stronger.
Are you sure you want to abandon this character and quit the game? (Confirm with "yes".)

######### .......#
#.......# ....[..#.
#.......# #.......
#.......# #.....#
#.......# #.....#
#.......# #.....#
#.......# #.....#
####.......#####@....##
........................
............(...........
.###.......#####.....###
.###.......# #.....#
....######## #.....#
....# #....... ....#####
#....... ........#
.......


There were no monsters in sight!

Vanquished Creatures
  An adder (D:2)
  An ooze (D:2)
  2 dart slugs (D:1)
  A leopard gecko (D:1)
  A bat (D:1)
  A giant cockroach (D:1)
  A hobgoblin (D:2)
  2 kobolds (D:1)
  2 frilled lizards (D:1)
12 creatures vanquished.

Notes
Turn   | Place    | Note
-------+----------+-------------------------------------------
     0 | D:1      | Kairos the Vine Stalker Fighter began the quest for the Orb.
     0 | D:1      | Reached XP level 1. HP: 11/11 MP: 2/2
   170 | D:1      | Reached XP level 2. HP: 1/16 MP: 0/3
  1453 | D:2      | Reached XP level 3. HP: 11/20 MP: 2/4
  1454 | D:2      | Quit the game

Vault maps used:
D:1:      evilmike_arrival_crescent, lemuel_flame_loot_1

Skill      XL: |  1  2 |
---------------+-------+-----
Shields        | 3 |  3.1
Fighting       | 3 |  3.0
Axes           | |  1.8
Armour         | |  2.8

Action                   || total
-------------------------++-------
Melee: War axe           ||    50
       Bite              ||    11
  Use: Potion            ||     1
  Eat: Chunk             ||     1
Armor: Scale mail        ||    20
Dodge: Dodged            ||    14
Block: Shield            ||    31

Table legend:
 A = Spawn XP
 B = Non-spawn XP
 C = Spawn XP percentage of total XP
 D = Spawn monster count
 E = Non-spawn monster count
 F = Spawn count percentage of total count
 G = Total turns spent on level
                    A         B        C        D         E        F      G
               +---------+---------+-------+---------+---------+-------+---------
         Total |       0 |      43 |   0.0 |       0 |      12 |   0.0 |  1454
               +---------+---------+-------+---------+---------+-------+---------
           D:1 |       0 |      21 |   0.0 |       0 |       9 |   0.0 |  1323
           D:2 |       0 |      22 |   0.0 |       0 |       3 |   0.0 |   131
               +---------+---------+-------+---------+---------+-------+---------
